 Dungeon Crawl Stone Soup version 0.32-a0-391-gce5c0aab1b (webtiles) character file.

Game seed: 16009046147007292604

521493 hikkokomori the Impregnable (level 24, -22/209 (216) HPs)
             Began as a Mountain Dwarf Cinder Acolyte on Feb 20, 2024.
             Was an Initiate of Gozag.
             Killed from afar by a quicksilver dragon (40 damage)
             ... with a bolt of dispelling energy
             ... on level 3 of the Depths.
             The game lasted 02:55:31 (54106 turns).

hikkokomori the Impregnable (MDCA)                 Turns: 54106, Time: 02:55:32

HP:   -22/209 (216) AC: 34    Str: 18    XL:     24   Next: 66%
MP:   25/40         EV: 14    Int: 28    God:    Gozag
Gold: 3560          SH: 28    Dex: 15    Spells: 8/50 levels left

rFire   . . .        E - +9 broad axe (freeze)
rCold   + + +        M - +8 tower shield of Kun Pept {Int+4}
rNeg    . . .        C - +9 plate armour "Afoh Rud" {rPois rC++ Regen+ Str-4}
rPois   +            a - +1 hat "Fookhlix" {rC+ Slay+5}
rElec   .            u - scarf {repulsion}
rCorr   .            z - +1 pair of gloves {hurl}
SInv    +            x - +1 pair of boots {rampage}
Will    +++..        G - amulet "Wupt" {rC+ Regen+ Str+2 Dex+3} Stlth
                     H - ring "Namioqibipp" {Ice Dex+7 SInv Stlth-}
HPRegen 2.14/turn    Y - +5 ring of evasion
MPRegen 0.27/turn

%: repel missiles, rampage
@: swift (expiring), death channelling (expiring), corroded, fragile (+50%
incoming damage), lightly drained, quick
A: runic magic, artefact enchanting, iridescent scales 1, fire resistance 1,
strong-willed 1, inability to drink after injury 1, MP-powered wands
}: 2/15 runes: decaying, gossamer
a: Renounce Religion, Potion Petition, Call Merchant, Bribe Branch


You were on level 3 of the Depths.
You worshipped Gozag.
Gozag was most pleased with you.
You visited 9 branches of the dungeon, and saw 41 of its levels.
You visited the Abyss 1 time.
You also visited: Sewer, Bailey, Ice Cave and Volcano.

You collected 18135 gold pieces.
You spent 5742 gold pieces at shops.
You paid 8833 gold pieces to Gozag.

Inventory:

Hand Weapons
 E - a +9 broad axe of freezing (weapon)
Missiles
 f - 41 boomerangs
 O - 2 throwing nets
 X - 18 curare-tipped darts
Armour
 a - the +1 hat "Fookhlix" (worn) {rC+ Slay+5}
   (You found it on level 5 of the Dungeon)

   Slay+5:    It affects your accuracy & damage with ranged weapons and melee
   (+5).
   rC+:       It protects you from cold.
 u - a scarf of repulsion (worn)
 x - a +1 pair of boots of rampaging (worn)
 z - a +1 pair of gloves of hurling (worn)
 C - the +9 plate armour "Afoh Rud" (worn) {rPois rC++ Regen+ Str-4}
   (You bought it in a shop on level 3 of the Lair of Beasts)

   Str-4:     It affects your strength (-4).
   rC++:      It greatly protects you from cold.
   rPois:     It protects you from poison Regen+: It increases your rate of
   health regeneration.
 M - the +8 tower shield of Kun Pept (worn) {Int+4}
   (You acquired it on level 11 of the Dungeon)

   Int+4:     It affects your intelligence (+4).
Jewellery
 b - the ring "Felarett" {Ice Fly Dex+3}
   (You took it off Josephina on level 2 of the Depths)

   [ring of ice]

   Ice:       It enhances your ice magic.
   Dex+3:     It affects your dexterity (+3).
   rF-:       It makes you vulnerable to fire.
   rC+:       It protects you from cold.
   Fly:       It grants you flight.
 g - a ring of wizardry
 G - the amulet "Wupt" (around neck) {rC+ Regen+ Str+2 Dex+3}
   (You found it on level 3 of the Elven Halls)

   [amulet of regeneration]

   Str+2:     It affects your strength (+2).
   Dex+3:     It affects your dexterity (+3).
   rC+:       It protects you from cold.
   Regen+:    It increases your rate of health regeneration.
 H - the ring "Namioqibipp" (left hand) {Ice Dex+7 SInv Stlth-}
   (You took it off an orc knight on level 11 of the Dungeon)

   [ring of ice]

   Ice:       It enhances your ice magic.
   Dex+7:     It affects your dexterity (+7).
   rF-:       It makes you vulnerable to fire.
   rC+:       It protects you from cold.
   SInv:      It lets you see invisible.
   Stlth-:    It makes you less stealthy.
 U - the ring of Reigogat {rF+ rN+ Will+ rCorr}
   (You took it off a deep elf master archer on level 3 of the Elven Halls)

   [ring of positive energy]

   rF+:       It protects you from fire.
   rN+:       It protects you from negative energy.
   Will+:     It increases your willpower.
   rCorr:     It protects you from acid and corrosion.
 Y - a +5 ring of evasion (right hand)
 Z - an amulet of guardian spirit
Wands
 s - a wand of flame (100)
 t - a wand of light (8)
 w - a wand of polymorph (9)
 A - a wand of roots (32)
 D - a wand of paralysis (19)
 J - a wand of digging (7)
 P - a wand of mindburst (30)
Scrolls
 h - 7 scrolls of vulnerability
 i - 3 scrolls of fear
 j - 9 scrolls of teleportation
 k - 5 scrolls of poison
 n - 5 scrolls of amnesia
 o - 6 scrolls of immolation
 q - 8 scrolls of enchant armour
 v - 4 scrolls of silence
 y - 3 scrolls of blinking
 B - 14 scrolls of fog
 N - 4 scrolls of butterflies
 Q - 5 scrolls of revelation
Potions
 c - 13 potions of heal wounds
 d - a potion of attraction
 e - 5 potions of magic
 l - 8 potions of might
 p - 19 potions of curing
 r - 4 potions of lignification
 F - 5 potions of enlightenment
 I - 4 potions of haste
 K - 8 potions of cancellation
 L - 6 potions of ambrosia
 S - 12 potions of mutation
 T - 4 potions of invisibility
 V - 9 potions of brilliance
 W - 4 potions of resistance
Miscellaneous
 m - a phial of floods
 R - a lightning rod (4/4)


   Skills:
 + Level 17.8 Fighting
 - Level 18.0 Axes
 - Level 5.0 Throwing
 - Level 22.0 Armour
 - Level 8.0 Dodging
 - Level 2.0 Stealth
 - Level 18.0 Shields
 + Level 13.5 Spellcasting
 - Level 10.0 Conjurations
 + Level 5.6 Summonings
 - Level 16.0 Necromancy
 - Level 3.6 Translocations
 - Level 11.1 Fire Magic
 - Level 8.0 Ice Magic
 - Level 5.0 Air Magic
 - Level 16.2 Evocations


You had 8 spell levels left.
You knew the following spells:

 Your Spells              Type           Power      Damage    Failure   Level
a - Scorch                Fire           100%       2d9       1%          2
b - Fugue of the Fallen   Necr           83%        N/A       1%          3
c - Manifold Assault      Tloc           39%        N/A       24%         4
d - Freezing Cloud        Conj/Ice/Air   37%        6-21      13%         5
e - Swiftness             Air            46%        N/A       4%          3
f - Death Channel         Necr           41%        N/A       2%          6
g - Infestation           Necr           41%        N/A       69%         8
h - Animate Armour        Summ/Erth      68%        N/A       32%         4
i - Haunt                 Necr/Summ      34%        N/A       71%         7

Your spell library contained the following spells:

 Spells                   Type           Power      Damage    Failure   Level
 Necrotise                Necr           100%       1d9       0%          1
 Freeze                   Ice            100%       1d10      1%          1
 Sting                    Conj/Alch      100%       1d9       1%          1
 Summon Small Mammal      Summ           100%       N/A       1%          1
 Call Imp                 Summ           100%       N/A       1%          2
 Cigotuvi's Dreadful Rot  Necr/Alch/Air  100%       N/A       1%          2
 Sublimation of Blood     Necr           83%        N/A       1%          2
 Frozen Ramparts          Ice            100%       1d16      1%          3
 Hailstorm                Conj/Ice       81%        3d14      1%          3
 Ozocubu's Armour         Ice            77%        N/A       1%          3
 Vampiric Draining        Necr           83%        2d11      1%          3
 Volatile Blastmotes      Fire/Tloc      100%       2d18      1%          3
 Dispel Undead            Necr           83%        3d27      1%          4
 Martyr's Knell           Necr/Summ      68%        N/A       1%          4
 Curse of Agony           Necr           83%        N/A       1%          5
 Apportation              Tloc           78%        N/A       2%          1
 Ensorcelled Hibernation  Hex/Ice        100%       N/A       3%          2
 Lesser Beckoning         Tloc           78%        N/A       3%          2
 Call Canine Familiar     Summ           50%        N/A       3%          3
 Summon Blazeheart Golem  Fire/Summ      60%        N/A       3%          4
 Dazzling Flash           Conj/Hex       92%        N/A       4%          3
 Mephitic Cloud           Conj/Alch/Air  46%        N/A       4%          3
 Stone Arrow              Conj/Erth      92%        3d12      4%          3
 Anguish                  Hex/Necr       29%        N/A       4%          4
 Iskenderun's Battlesphe  Conj           66%        2d12      4%          5
 Iskenderun's Mystic Bla  Conj/Tloc      54%        2d12      6%          4
 Gell's Gravitas          Tloc           39%        N/A       7%          3
 Teleport Other           Tloc           39%        N/A       7%          3
 Ignite Poison            Fire/Alch      50%        N/A       11%         4
 Arcjolt                  Conj/Air       28%        1d38      14%         5
 Jinxbite                 Hex            36%        N/A       16%         2
 Vhi's Electric Charge    Tloc/Air       86%        N/A       19%         4
 Starburst                Conj/Fire      33%        6d10      22%         6
 Passage of Golubria      Tloc           39%        N/A       24%         4
 Passwall                 Erth           18%        N/A       32%         3
 Tukima's Dance           Hex            18%        N/A       32%         3
 Dimensional Bullseye     Hex/Tloc       14%        N/A       45%         4
 Metabolic Englaciation   Hex/Ice        29%        N/A       50%         5
 Plasma Beam              Fire/Air       29%        2x1d42    52%         6
 Conjure Ball Lightning   Conj/Air       28%        3x3d8     58%         6
 Cause Fear               Hex            9%         N/A       71%         4
 Leda's Liquefaction      Alch/Erth      9%         N/A       71%         4
 Petrify                  Alch/Erth      18%        N/A       71%         4
 Silence                  Hex/Air        16%        N/A       71%         5
 Bombard                  Conj/Erth      23%        9d4       91%         6
 Yara's Violent Unravell  Hex/Alch       9%         3d6       96%         5
 Dispersal                Tloc           19%        N/A       98%         6
 Spellforged Servitor     Conj/Summ      29%        N/A       98%         7
 Enfeeble                 Hex            9%         N/A       100%        7
 Malign Gateway           Summ/Tloc      22%        N/A       100%        7
 Summon Hydra             Summ           25%        N/A       100%        7
 Discord                  Hex            9%         N/A       100%        8
 Disjunction              Tloc           19%        N/A       100%        8
 Lehudib's Crystal Spear  Conj/Erth      23%        10d6      100%        8
 Maxwell's Capacitive Co  Air            23%        ∞         100%        8
 Summon Horrible Things   Summ           25%        N/A       100%        8


Dungeon Overview and Level Annotations

Branches:
Dungeon (15/15)            Temple (1/1) D:4            Lair (5/5) D:9
  Swamp (4/4) Lair:2       Spider (4/4) Lair:3        Slime (0/5) Lair:5
    Orc (2/2) D:12            Elf (3/3) Orc:2        Vaults (4/5) D:13
  Crypt (0/3) Vaults:2     Depths (3/4) D:15          Sewer (visited)
 Bailey (visited)           IceCv (visited)         Volcano (visited)

Altars:
Ashenzari
Cheibriados
Dithmenos
Elyvilon
Fedhas
Gozag
Hepliaklqana
Kikubaaqudgha
Makhleb
Nemelex Xobeh
Okawaru
Qazlal
Ru
Sif Muna
Trog
Uskayaw
Vehumet
Wu Jian
Xom
Yredelemnul
Zin
The Shining One
Beogh

Shops:
D:4 [*=!   D:9 :   D:11 (*([**(   Orc:1 ?(*   Orc:2 *![   Elf:1 :   Elf:3 =[[?!
Lair:2 [   Lair:3 [?   Vaults:2 [   Vaults:4 *   Depths:1 [[=[

Portals:
Hell: Lair:5 Depths:1 Depths:2
Pandemonium: Depths:1 Depths:2
Ziggurat: Depths:2

Annotations:
D:6 1 exclusion
D:11 2 runed translucent doors
Swamp:1 1 runed translucent door, Qaseokh's ghost, adept TeSu
Depths:1 4 transporters


Innate Abilities, Weirdness & Mutations

Your spellcasting is much less encumbered by armour.
You can use scrolls of enchantment on lesser artefacts.
You are partially covered in iridescent scales. (AC +2)
Your flesh is heat resistant. (rF+)
You are strong-willed. (Will+)
You occasionally lose the ability to drink potions when taking damage.
You expend magic power (3 MP) to strengthen your wands.


Message History

The vampire knight is unaffected.
The tengu reaver looks frightened!
The quicksilver dragon resists with almost no effort.
The iron dragon resists with almost no effort.
The spark wasp looks frightened!
The spriggan air mage resists with almost no effort.
You block the quicksilver dragon's attack. x2
A titan comes into view.
The quicksilver dragon bites you.
* * * LOW HITPOINT WARNING * * *
You block the quicksilver dragon's attack.
Casting: Death Channel (mildly dangerous; 2% risk of failure)
Confirm with . or Enter, or press ? or * to list all spells.
You feel quick.
The tengu reaver almost stumbles in trying to escape.
The titan waves its arms in wide circles.
The air twists around and strikes you!
* * * LOW HITPOINT WARNING * * *
The quicksilver dragon bites you but does no damage.
You block the quicksilver dragon's attack.
The iron dragon breathes metal splinters at you.
The spray of metal splinters hits you but does no damage.
The spriggan air mage waves its arms in wide circles.
The air twists around and strikes you!!
* * * LOW HITPOINT WARNING * * *
You hear a horrible gurgling sound! x4
Unknown command.
Unknown command.
Blink to where?
Press: ? - help, Dir - move target
Okay, then.
Okay, then.
Blink to where?
Press: ? - help, Dir - move target
As you read the scroll of blinking, it crumbles to dust.
A tengu reaver comes into view.
It is wielding a +0 great sword and wearing a +2 ring mail of poison resistance.
The quicksilver dragon breathes dispelling energy at you.
The bolt of dispelling energy hits you!!
Your magical effects are unravelling.
You die...
Your body crumbles into a pile of gold.

. ##....##...^........
..###.$...# #.[.........
.......$$V###......^....
.G.....$D..##..[........
.......D..##.$$.........
........<.###$$.........
#..##....$##$...........
#.##.#......$.......>...
'.....#...$@$...........
#C##.##.................
# ###.................
......................
....................#.
...Q.............####
................##
####.............
##.........<


You could see an iron dragon (catching breath), a quicksilver dragon (catching
breath) and a tengu reaver (wandering, repels missiles).

Vanquished Creatures
  Frederick (Vaults:4)
  A dread lich (Depths:3)
  Mennas (Vaults:4)
  Boris (twice) (Elf:3 Depths:2)
  Josephina (Depths:2)
  A caustic shrike (Depths:2)
  Saint Roka (Orc:2)
  Margery (Depths:3)
  Nikola (Swamp:3)
  Jory (Vaults:2)
  Arachne (Spider:2)
  A tentacled monstrosity (Depths:2)
  Jorgrun (Orc:1)
  2 deep elf blademasters (Elf:3)
  2 deep elf master archers (Elf:3)
  A titan (Depths:2)
  A walking frostbound tome (Depths:2)
  A searing wretch (Depths:3)
  Asterion (Depths:2)
  5 sphinxes
  A shadow dragon (Depths:3)
  Agnes (Spider:4)
  The ghost of Xavori the Nimble, an adept DjCK of Xom (Swamp:4)
  Donald (Swamp:3)
  3 thorn hunters
  The ghost of Begg the Thaumaturge, an adept DrIE of Ashenzari (Spider:4)
  A storm dragon (Depths:3)
  Roxanne (Spider:1)
  An iron dragon (Depths:2)
  7 fire giants
  7 frost giants
  6 vault wardens
  7 deep elf sorcerers (Elf:3)
  Louise (D:14)
  A hydra zombie (Swamp:4)
  A balrug (Depths:1)
  4 deep elf elementalists (Elf:3)
  3 emperor scorpions (Spider:4)
  4 spectral caustic shrikes (Depths:2)
  2 ghouls
  5 ghost moths
  4 orc warlords
  The ghost of Jout the Spry, an adept FeEE of Gozag (Swamp:4)
  2 spriggan defenders (Depths:2)
  7 very ugly things
  9 ironbound thunderhulks
  18 ironbound preservers
  5 stone giants
  4 broodmothers
  Nessos (D:13)
  5 deep elf death magi
  2 formless jellyfish
  3 vampire knights (Depths:2)
  5 eleionomae
  5 deep elf demonologists
  8 spark wasps
  3 deep elf annihilators (Elf:3)
  A war gargoyle (Vaults:3)
  Azrael (D:13)
  12 dire elephants
  11 ettins
  5 entropy weavers
  3 crystal guardians
  4 deep elf high priests
  7 yaktaur captains
  8 fire dragons
  6 great orbs of eyes
  3 shambling mangroves
  3 rakshasas
  Harold (D:10)
  Erolcha (Orc:1)
  5 boulder beetles
  2 ghost crabs (Swamp:4)
  5 vault guards
  3 radroaches (Spider:4)
  3 ice dragons
  8 ironbound frosthearts
  6 ogre magi
  The ghost of pokeman the Eclecticist, a journeyman DEHW of Vehumet (D:12)
  4 alligators
  22 centaur warriors
  14 hydras
  2 spriggan air magi
  A spriggan skeleton (Depths:1)
  3 peacekeepers
  A catoblepas (D:9)
  Erica (Orc:1)
  30 dancing weapons
  11 death yaks
  3 death knights (D:12)
  5 deep troll earth magi
  16 two-headed ogres
  5 tengu warriors
  2 deep troll shamans (Depths:2)
  4 orc high priests
  3 spriggan berserkers
  7 demonic crawlers
  An occultist (Depths:2)
  2 vampire magi (Vaults:2)
  A shock serpent (shapeshifter) (Depths:2)
  Urug (Orc:1)
  3 soul eaters
  19 deep elf knights
  A skyshark (Lair:2)
  A sun demon (Depths:1)
  A skyshark (shapeshifter) (Elf:3)
  An iron troll (Depths:2)
  8 pharaoh ants
  A salamander mystic (Depths:1)
  A sixfirhy (Lair:5)
  2 goliath frogs
  5 spriggan druids
  A flayed ghost (Depths:2)
  3 glowing orange brains
  6 swamp dragons
  58 deep trolls
  8 arcanists
  4 orb spiders
  2 bog bodies (Swamp:2)
  2 spectral hydras (Swamp:4)
  7 lindwurms
  A harpy (shapeshifter) (D:12)
  32 deep elf pyromancers
  25 deep elf zephyrmancers
  3 phantasmal warriors
  2 sun moths
  4 harpies
  3 necromancers
  14 orc knights
  15 deep elf archers
  9 steelbarb worms
  14 ironbound convokers
  3 will-o-the-wisps
  11 orc sorcerers
  31 ugly things
  A stone giant zombie (Depths:1)
  3 salamanders
  4 oklob plants
  21 wolf spiders
  3 manticores
  3 cyclopes
  10 elephants (Lair:1)
  3 moths of wrath
  2 salamanders (shapeshifter)
  A meliai (shapeshifter) (Elf:2)
  9 meliai (Spider:4)
  21 vault sentinels
  3 black mambas
  A frost giant skeleton (Depths:1)
  5 kobold blastminers
  An ice statue (IceCv)
  5 smoke demons (Depths:1)
  8 torpor snails
  2 molten gargoyles (Volcano)
  16 cane toads
  3 gargoyles
  3 orange demons (Lair:5)
  A cane toad (shapeshifter) (D:12)
  8 rime drakes
  9 komodo dragons
  3 efreet
  17 yaktaurs
  A tengu conjurer (D:11)
  2 freezing wraiths
  A hellwing (Lair:5)
  4 tyrant leeches
  2 red devils (Lair:5)
  8 trolls
  10 polar bears (IceCv)
  5 hydra skeletons (Swamp:4)
  A shadow dragon simulacrum (Depths:2)
  12 tarantellas
  A tarantella (shapeshifter) (Depths:3)
  10 blink frogs
  A glass eye (Depths:2)
  17 hornets
  14 dream sheep
  A slime creature (shapeshifter) (Depths:2)
  30 jumping spiders
  58 slime creatures
  16 spriggans
  5 centaur simulacra (D:12)
  3 wyverns
  A spriggan (shapeshifter) (Depths:1)
  5 water elementals
  A wyvern (shapeshifter) (D:12)
  88 yaks
  22 culicivoras
  4 wraiths
  27 fire elementals
  12 wargs
  2 fire bats (Volcano)
  2 air elementals
  9 basilisks
  12 vampire mosquitoes
  A steam dragon (shapeshifter) (D:12)
  38 redbacks
  3 acid dragons
  3 hydra simulacra (Swamp:4)
  19 swamp worms
  18 water moccasins
  11 hell hounds
  3 laughing skulls (D:11)
  An ice beast (D:6)
  A black bear (shapeshifter) (Depths:2)
  9 black bears
  A meliai simulacrum (D:13)
  17 orc warriors
  3 swamp drakes
  23 ogres
  2 swamp dragon skeletons (Swamp:4)
  26 wolves
  9 boggarts
  8 centaurs
  7 kobold brigands
  A phantom (D:6)
  Blork the orc (D:6)
  11 bullfrogs
  A human simulacrum (Depths:1)
  3 gnoll sergeants
  A glowing shapeshifter simulacrum (Depths:2)
  2 earth elementals
  3 scorpions
  4 wights (D:7)
  11 killer bees
  7 electric eels
  6 howler monkeys
  9 lava snakes
  3 bombardier beetles
  11 orc priests
  Crazy Yiuf (D:6)
  3 gnoll boudas
  3 hounds
  5 jellies
  3 iguanas
  Ijyb (D:3)
  29 orc wizards
  Natasha (thrice) (D:3)
  Robin (D:3)
  3 adders
  26 gnolls
  A river rat (Sewer)
  2 swamp drake zombies (Swamp:4)
  A swamp drake skeleton (Swamp:4)
  A white imp (D:8)
  2 dart slugs
  79 orcs
  7 ball pythons
  18 endoplasms
  9 giant cockroaches
  23 goblins
  18 hobgoblins
  9 jackals
  31 kobolds
  10 quokkas
  5 bats
  5 frilled lizards
  8 rats
  2 spectral weapons
1846 creatures vanquished.

Vanquished Creatures (collateral kills)
  A golden dragon (Depths:2)
  The ghost of Gumuy the Crack Shot, an adept MiHu of Nemelex Xobeh (Depths:2)
  A deep elf blademaster (Elf:3)
  A sphinx (Depths:1)
  A fire giant (Depths:2)
  2 frost giants (Depths:3)
  An iron dragon (Depths:3)
  A very ugly thing (Depths:2)
  2 stone giants (Depths:2)
  A spark wasp (Depths:3)
  A deep elf high priest (Elf:3)
  A fire dragon (Depths:2)
  An ice dragon (Depths:1)
  3 tengu warriors
  3 deep troll shamans
  A vampire mage (Depths:3)
  A hell hog (Depths:1)
  2 occultists
  A spriggan berserker (Depths:2)
  5 hell knights
  3 iron trolls
  A deep troll (Depths:1)
  A necromancer (Depths:3)
  An ugly thing (Depths:2)
  A salamander (Depths:1)
  A tengu simulacrum (Depths:2)
39 creatures vanquished.

Vanquished Creatures (others)
  A deep elf sorcerer (Elf:3)
  A caustic shrike simulacrum (Depths:2)
  2 deep elf knights
  A spriggan (Swamp:1)
  2 deep trolls (Depths:2)
  A spriggan druid (Swamp:4)
  3 bloated husks
  A hornet (Swamp:1)
  2 jumping spiders
  A swamp drake (Swamp:4)
  An orc wizard (Orc:1)
  2 orcs (Orc:2)
  6 foxfires
24 creatures vanquished.

Grand Total: 1909 creatures vanquished

Notes
Turn   | Place    | Note
-------+----------+-------------------------------------------
     0 | D:1      | hikkokomori the Mountain Dwarf Cinder Acolyte began the
                  | quest for the Orb.
     0 | D:1      | Reached XP level 1. HP: 19/19 MP: 2/2
   109 | D:1      | Reached XP level 2. HP: 25/26 MP: 3/3
   112 | D:1      | Learned a level 2 spell: Scorch
   352 | D:1      | Reached XP level 3. HP: 27/33 MP: 4/4
   620 | D:1      | Reached skill level 5 in Fire Magic
   716 | D:1      | Found a faded altar of an unknown god.
   734 | D:1      | Reached XP level 4. HP: 32/40 MP: 5/5
  1017 | D:2      | Reached skill level 1 in Shields
  1076 | D:2      | Reached skill level 1 in Armour
  1337 | D:2      | Reached skill level 1 in Throwing
  1812 | D:3      | Noticed Natasha
  1829 | D:3      | Killed Natasha
  1830 | D:3      | Reached XP level 5. HP: 32/46 MP: 1/6
  1832 | D:3      | Reached skill level 2 in Armour
  2027 | D:3      | Noticed Robin
  2047 | D:3      | Killed Robin
  2221 | D:3      | Noticed Natasha
  2224 | D:3      | Killed Natasha
  2489 | D:3      | Noticed Ijyb
  2506 | D:3      | Killed Ijyb
  2507 | D:3      | Reached XP level 6. HP: 14/52 MP: 1/7
  2883 | D:3      | Noticed Natasha
  2886 | D:3      | Killed Natasha
  3365 | D:4      | Reached skill level 5 in Shields
  3425 | D:4      | Found a staircase to the Ecumenical Temple.
  3437 | Temple   | Entered the Ecumenical Temple
  3463 | D:4      | Found Faupeymu's Distillery.
  3607 | D:4      | Found a stormy altar of Qazlal.
  3629 | D:4      | Found a sparkling altar of Nemelex Xobeh.
  3629 | D:4      | Found a shimmering blue altar of Sif Muna.
  3629 | D:4      | Found a burning altar of Makhleb.
  3853 | D:4      | Found Sakiadgh's Antique Armour Emporium.
  3869 | D:4      | Found Cetocoa's Assorted Antiques.
  3885 | D:4      | Found Filagrih's Jewellery Boutique.
  4226 | D:5      | Entered Level 5 of the Dungeon
  4234 | D:5      | Found a hide-covered altar of Uskayaw.
  4652 | D:5      | Reached XP level 7. HP: 45/59 MP: 0/8
  4668 | D:5      | Identified the +0 hat "Fookhlix" {rC+ Slay+5}
  4685 | D:5      | Found a glowing drain.
  4705 | Sewer    | Entered a sewer
  4935 | Sewer    | Found a white marble altar of Elyvilon.
  5193 | D:5      | Identified the +6 rapier of Destruction {flame, rElec rPois
                  | Stlth-}
  5849 | D:6      | Reached skill level 5 in Fighting
  5849 | D:6      | Reached skill level 5 in Axes
  5849 | D:6      | Reached skill level 1 in Evocations
  5849 | D:6      | Reached XP level 8. HP: 64/68 MP: 1/11
  6910 | D:6      | Noticed Blork the orc
  6924 | D:6      | Killed Blork the orc
  7031 | D:6      | Found a runed translucent door.
  7031 | D:6      | Noticed Crazy Yiuf
  7037 | D:6      | Paralysed by Crazy Yiuf for 1 turns
  7039 | D:6      | Killed Crazy Yiuf
  7348 | D:6      | Reached skill level 3 in Armour
  7457 | D:7      | Reached XP level 9. HP: 62/75 MP: 2/12
  7518 | D:7      | Reached skill level 4 in Armour
  7637 | D:7      | Found a blossoming altar of Fedhas.
  7698 | D:7      | Found a flagged portal.
  7772 | Bailey   | Entered a bailey
  7785 | Bailey   | Noticed an orc warlord
  7891 | Bailey   | Reached skill level 5 in Armour
  8294 | Bailey   | Found a runed translucent gate.
  8313 | Bailey   | Found a runed translucent gate.
  8315 | Bailey   | Found a runed translucent gate.
  8423 | Bailey   | Killed an orc warlord
  8501 | Bailey   | Reached XP level 10. HP: 88/88 MP: 13/13
  9010 | D:7      | Reached skill level 1 in Stealth
  9218 | D:8      | Learned a level 3 spell: Fugue of the Fallen
  9223 | D:8      | Learned a level 4 spell: Manifold Assault
  9470 | D:8      | Reached XP level 11. HP: 39/90 MP: 14/14
  9471 | D:8      | Reached skill level 1 in Necromancy
  9788 | D:8      | Identified the +2 ring mail of the Shrinking Gods {Dex+2}
 10094 | D:9      | Found a staircase to the Lair.
 10105 | D:9      | Reached skill level 1 in Translocations
 11065 | D:9      | Found a white marble altar of Elyvilon.
 11212 | D:9      | Found Hidof's Book Shop.
 11239 | D:10     | Entered Level 10 of the Dungeon
 11239 | D:10     | Noticed a catoblepas
 11254 | D:9      | Killed a catoblepas
 11777 | D:10     | Found a bloodstained altar of Trog.
 11872 | D:10     | Noticed Harold
 11898 | D:10     | Killed Harold
 12174 | D:10     | Found a hazy altar of Hepliaklqana.
 12442 | D:11     | Found Fydwoy Ijea's Armour Emporium.
 13067 | D:11     | Reached skill level 5 in Necromancy
 13684 | D:11     | Found Yhufocsa's General Store.
 13686 | D:11     | Found Miwuv's Antique Weapon Emporium.
 13702 | D:11     | Found Uneps's Weapon Shoppe.
 13702 | D:11     | Found Havogg's General Store.
 13705 | D:11     | Found Zugoril's Weapon Emporium.
 13705 | D:11     | Found Eceekke's Assorted Antiques.
 13736 | D:11     | Reached skill level 10 in Axes
 13950 | D:11     | Found a large runed translucent door.
 13950 | D:11     | Found a large runed translucent door.
 13968 | D:11     | Noticed a two-headed ogre
 13978 | D:11     | Killed a two-headed ogre
 13982 | D:11     | Identified the ring "Namioqibipp" {Ice Dex+7 SInv Stlth-}
 13982 | D:11     | Noticed an orc knight
 14286 | D:11     | Noticed a death yak
 14293 | D:11     | Killed an orc knight
 14294 | D:11     | Reached XP level 12. HP: 101/101 MP: 15/18
 14312 | D:11     | Killed a death yak
 14578 | D:11     | Identified a scroll of acquirement
 14578 | D:11     | Acquired 975 gold pieces
 15032 | D:11     | Found a large runed translucent door.
 15032 | D:11     | Found a large runed translucent door.
 15910 | Lair:1   | Entered Level 1 of the Lair of Beasts
 16101 | Lair:1   | Reached skill level 5 in Spellcasting
 16542 | Lair:1   | Gained mutation: You expend magic power (3 MP) to
                  | strengthen your wands. [potion of mutation]
 16542 | Lair:1   | Gained mutation: You are strong-willed. (Will+) [potion of
                  | mutation]
 16542 | Lair:1   | Gained mutation: You are partially covered in iridescent
                  | scales. (AC +2) [potion of mutation]
 16542 | Lair:1   | Gained mutation: Your flesh is heat resistant. (rF+)
                  | [potion of mutation]
 16794 | Lair:1   | Reached skill level 6 in Armour
 17191 | Lair:1   | Reached XP level 13. HP: 102/111 MP: 22/22
 17719 | Lair:2   | Reached skill level 7 in Armour
 17719 | Lair:2   | Reached skill level 10 in Evocations
 17734 | Lair:2   | Found a staircase to the Swamp.
 18404 | Lair:2   | Reached skill level 8 in Armour
 19004 | Lair:3   | Reached skill level 9 in Armour
 19062 | Lair:3   | Found a dark tunnel.
 19205 | Volcano  | Entered a volcano
 19559 | Volcano  | Found a radiant altar of Vehumet.
 19682 | Volcano  | Noticed a stone giant
 19694 | Volcano  | Killed a stone giant
 19695 | Volcano  | Reached skill level 5 in Throwing
 19695 | Volcano  | Reached skill level 10 in Armour
 19779 | Volcano  | Identified the +0 helmet of Repulsion {Rampage rC+ Regen+
                  | Stlth+}
 19781 | Volcano  | Reached skill level 11 in Armour
 19781 | Volcano  | Reached XP level 14. HP: 97/118 MP: 23/27
 19968 | Lair:3   | Found a hole to the Spider Nest.
 20754 | Lair:3   | You fall into a shaft and drop 1 floor!
 20767 | Lair:4   | Found a frozen archway.
 20788 | Lair:4   | Reached skill level 10 in Spellcasting
 20805 | IceCv    | Entered an ice cave
 20891 | IceCv    | Reached skill level 12 in Armour
 21316 | IceCv    | Noticed a frost giant
 21336 | IceCv    | Reached XP level 15. HP: 118/124 MP: 27/29
 21350 | IceCv    | Killed a frost giant
 21577 | IceCv    | Identified the +10 mace of the Thieving Gods {freeze,
                  | ^Drain rElec Dex+6}
 21586 | IceCv    | Got the Spellbook of Hail
 21593 | IceCv    | Learned a level 5 spell: Freezing Cloud
 21726 | IceCv    | Reached skill level 1 in Conjurations
 21726 | IceCv    | Reached skill level 1 in Ice Magic
 21885 | IceCv    | Reached skill level 1 in Air Magic
 22014 | Lair:4   | Reached skill level 13 in Armour
 22216 | D:12     | Reached skill level 10 in Fighting
 22378 | D:12     | Found a transporter.
 22383 | D:12     | Noticed pokeman's ghost (journeyman DEHW)
 22419 | D:12     | Found a transporter.
 22483 | D:12     | Found a staircase to the Orcish Mines.
 22914 | D:12     | Reached skill level 14 in Armour
 23590 | Orc:1    | Entered Level 1 of the Orcish Mines
 23669 | Orc:1    | Noticed Jorgrun
 23685 | Orc:1    | Killed Jorgrun
 23752 | Orc:1    | Noticed Erica
 23762 | Orc:1    | Killed Erica
 23869 | Orc:1    | Found Toemaug's Magic Scroll Shoppe.
 23888 | Orc:1    | Noticed Erolcha
 23894 | Orc:1    | Reached skill level 5 in Ice Magic
 23896 | Orc:1    | Killed Erolcha
 23898 | Orc:1    | Noticed Urug
 23904 | Orc:1    | Killed Urug
 23908 | Orc:1    | Found Fuitymed's Weapon Shop.
 24007 | Orc:1    | Bought a scroll of identify for 24 gold pieces
 24012 | Orc:1    | Found Otwasauh's General Store.
 24439 | Temple   | Fell from the grace of Ignis
 24439 | Temple   | Became a worshipper of Gozag Ym Sagoz the Greedy
 24589 | D:11     | Bought a scroll of acquirement for 884 gold pieces
 24589 | D:11     | Acquired the +8 tower shield of Kun Pept {Int+4}
 24642 | D:11     | Bought a potion of experience for 650 gold pieces
 24642 | D:11     | Reached skill level 5 in Conjurations
 24642 | D:11     | Reached XP level 16. HP: 134/134 MP: 31/31
 24715 | Orc:2    | Entered Level 2 of the Orcish Mines
 24715 | Orc:2    | Found a staircase to the Elven Halls.
 25150 | Orc:2    | Found Ywinuak's Distillery.
 25240 | Orc:2    | Found a roughly hewn altar of Beogh.
 25255 | Orc:2    | Reached XP level 17. HP: 127/140 MP: 29/33
 25272 | Orc:2    | Found Joipem's Assorted Antiques.
 25342 | Orc:2    | Found Sutwut's Distillery.
 25418 | Orc:2    | Noticed Saint Roka
 26014 | Orc:2    | Killed Saint Roka
 26394 | Orc:2    | Found Soskefaf's Armour Shoppe.
 26461 | Orc:2    | Bought a potion of haste for 100 gold pieces
 26461 | Orc:2    | Bought a potion of mutation for 80 gold pieces
 26461 | Orc:2    | Bought a potion of cancellation for 80 gold pieces
 26461 | Orc:2    | Bought a potion of invisibility for 80 gold pieces
 26461 | Orc:2    | Bought a potion of mutation for 80 gold pieces
 26461 | Orc:2    | Bought a potion of invisibility for 80 gold pieces
 26461 | Orc:2    | Bought a potion of haste for 100 gold pieces
 26461 | Orc:2    | Bought a potion of haste for 100 gold pieces
 26491 | Orc:2    | Bought a potion of curing for 78 gold pieces
 26491 | Orc:2    | Bought a scroll of enchant weapon for 195 gold pieces
 26491 | Orc:2    | Bought a potion of heal wounds for 130 gold pieces
 26599 | D:11     | Bought a scroll of teleportation for 96 gold pieces
 27328 | Lair:5   | Entered Level 5 of the Lair of Beasts
 27419 | Lair:5   | Found a staircase to the Slime Pits.
 27886 | Lair:5   | Reached skill level 15 in Shields
 27948 | Lair:5   | Found a burning altar of Makhleb.
 28002 | Lair:5   | Found a gateway to Hell.
 28689 | D:13     | Noticed Sonja
 28690 | D:13     | Sonja changed into Sonja the salamander
 28690 | D:13     | Noticed Sonja
 28696 | D:13     | Killed Sonja the salamander
 28967 | D:13     | Noticed Nessos
 28974 | D:13     | Killed Nessos
 29042 | D:13     | Noticed Azrael
 29064 | D:13     | Killed Azrael
 29259 | D:13     | Found a gate to the Vaults.
 29751 | D:14     | Found Neocriqi's Distillery.
 29775 | D:14     | Bought a potion of brilliance for 44 gold pieces
 29775 | D:14     | Bought a potion of heal wounds for 55 gold pieces
 29775 | D:14     | Bought a potion of invisibility for 88 gold pieces
 29775 | D:14     | Bought a potion of curing for 33 gold pieces
 29775 | D:14     | Bought a potion of invisibility for 88 gold pieces
 29784 | D:14     | Noticed Louise
 29787 | Abyss:2  | Cast into level 2 of the Abyss (Louise)
 29817 | D:14     | Escaped the Abyss
 29836 | D:14     | Killed Louise
 29906 | D:14     | Was forgiven by Ignis
 30373 | D:14     | Reached skill level 15 in Evocations
 30391 | D:14     | Reached skill level 15 in Axes
 30665 | D:15     | Entered Level 15 of the Dungeon
 30736 | D:15     | Found a shadowy altar of Dithmenos.
 31034 | D:15     | Found a staircase to the Depths.
 31724 | Lair:3   | Learned a level 3 spell: Swiftness
 31736 | Lair:3   | Bought a scroll of identify for 22 gold pieces
 31736 | Lair:3   | Bought a scroll of teleportation for 33 gold pieces
 31736 | Lair:3   | Bought a scroll of revelation for 82 gold pieces
 31736 | Lair:3   | Bought 2 scrolls of enchant armour for 165 gold pieces
 31742 | Lair:3   | Bought a pair of glowing boots for 172 gold pieces
 31742 | Lair:3   | Bought a transparent plate armour for 644 gold pieces
 31742 | Lair:3   | Identified the +9 plate armour "Afoh Rud" {rPois rC++
                  | Regen+ Str-4} (You bought it in a shop on level 3 of the
                  | Lair of Beasts)
 31742 | Lair:3   | Bought a pair of glowing gloves for 172 gold pieces
 31796 | Spider:1 | Entered Level 1 of the Spider Nest
 31838 | Spider:1 | Reached XP level 18. HP: 149/149 MP: 34/34
 32159 | Spider:1 | Noticed Roxanne
 32195 | Spider:1 | Killed Roxanne
 32702 | Spider:2 | Noticed Arachne
 32715 | Spider:2 | Killed Arachne
 34216 | Spider:4 | Entered Level 4 of the Spider Nest
 34370 | Spider:4 | Reached skill level 5 in Air Magic
 34614 | Spider:4 | Noticed Begg's ghost (adept DrIE)
 34616 | Spider:4 | Found a transporter.
 34724 | Spider:4 | Noticed Agnes
 34873 | Spider:4 | Killed Agnes
 35154 | Spider:4 | Reached skill level 15 in Armour
 35552 | Spider:4 | Got a gossamer rune of Zot
 35693 | Spider:4 | Found a transporter.
 35755 | Spider:4 | Reached XP level 19. HP: 131/166 MP: 26/35
 35889 | Spider:4 | Gained mutation: You occasionally lose the ability to drink
                  | potions when taking damage. [mutagenic glow]
 35891 | Spider:4 | Killed Begg's ghost
 36216 | Swamp:1  | Entered Level 1 of the Swamp
 36216 | Swamp:1  | Noticed Qaseokh's ghost (adept TeSu)
 36216 | Swamp:1  | Found a runed translucent door.
 37220 | D:12     | Killed pokeman's ghost
 37246 | D:12     | Identified the +5 flail of Trial by Ordeal {freeze, *Rage
                  | rN+ Dex+3 SInv}
 37694 | Swamp:2  | Reached skill level 16 in Armour
 38397 | Swamp:3  | Noticed Donald
 38413 | Swamp:3  | Killed Donald
 38613 | Swamp:3  | Noticed Nikola
 38645 | Swamp:3  | Killed Nikola
 39015 | Swamp:4  | Entered Level 4 of the Swamp
 39157 | Swamp:4  | Reached skill level 17 in Armour
 39490 | Swamp:4  | Found a runed translucent gate.
 39491 | Swamp:4  | Found a runed translucent gate.
 39492 | Swamp:4  | Found a runed translucent gate.
 39507 | Swamp:4  | Noticed Jout's ghost (adept FeEE)
 39507 | Swamp:4  | Noticed Xavori's ghost (adept DjCK)
 39884 | Swamp:4  | Found a blossoming altar of Fedhas.
 39906 | Swamp:4  | Reached skill level 18 in Armour
 39962 | Swamp:4  | Found a basalt altar of Yredelemnul.
 40157 | Swamp:4  | Got a decaying rune of Zot
 40209 | Swamp:4  | Killed Jout's ghost
 40235 | Swamp:4  | Killed Xavori's ghost
 40545 | Vaults:1 | Entered Level 1 of the Vaults
 40682 | Vaults:1 | Reached skill level 19 in Armour
 40984 | Vaults:1 | Reached XP level 20. HP: 166/174 MP: 32/36
 41102 | Vaults:1 | Reached skill level 1 in Dodging
 41252 | Vaults:1 | Reached skill level 20 in Armour
 41999 | Vaults:2 | Found Rigafuf's Antique Armour Emporium.
 42151 | Vaults:2 | Reached skill level 5 in Dodging
 42160 | Vaults:2 | Found a staircase to the Crypt.
 42827 | Vaults:2 | Noticed Jory
 42850 | Vaults:2 | Killed Jory
 43547 | Vaults:3 | Reached skill level 21 in Armour
 43901 | Vaults:3 | Reached skill level 15 in Fighting
 44238 | Vaults:3 | Reached XP level 21. HP: 169/184 MP: 32/37
 45265 | Vaults:4 | Reached skill level 22 in Armour
 45380 | Vaults:4 | Identified the orb of Fun {light, Harm Will+ Dex-2}
 45380 | Vaults:4 | Noticed Frederick
 45392 | Vaults:4 | Killed Frederick
 45693 | Vaults:4 | Noticed Mennas
 45723 | Vaults:4 | Killed Mennas
 45817 | Vaults:4 | Found Fudiah's General Store.
 46200 | Vaults:4 | Reached skill level 10 in Fire Magic
 46200 | Vaults:4 | Reached XP level 22. HP: 194/194 MP: 38/38
 46837 | Elf:1    | Entered Level 1 of the Elven Halls
 46855 | Elf:1    | Found a radiant altar of Vehumet.
 46862 | Elf:1    | Reached skill level 10 in Conjurations
 47517 | Elf:1    | Found Qofiown's Book Emporium.
 47669 | Elf:1    | Acquired the Spellbook of Abhorrent Arts
 47940 | Elf:1    | Identified the +0 robe of Orthodoxy {MP+9}
 48270 | Elf:2    | Reached XP level 23. HP: 170/202 MP: 32/39
 48341 | Elf:2    | Found a runed translucent gate.
 48341 | Elf:2    | Found a runed translucent gate.
 48342 | Elf:2    | Found a runed translucent gate.
 48428 | Elf:2    | Paralysed by an air elemental for 1 turns
 48431 | Elf:2    | Paralysed by an air elemental for 1 turns
 48734 | Elf:2    | Reached skill level 10 in Necromancy
 49200 | Elf:3    | Entered Level 3 of the Elven Halls
 49216 | Elf:3    | Found Pysi's Armour Shop.
 49217 | Elf:3    | Found Ucamm's Distillery.
 49230 | Elf:3    | Bought a potion of cancellation for 120 gold pieces
 49230 | Elf:3    | Bought a potion of heal wounds for 75 gold pieces
 49230 | Elf:3    | Bought a potion of resistance for 150 gold pieces
 49230 | Elf:3    | Bought a potion of might for 60 gold pieces
 49325 | Elf:3    | Found Jianeah's Antique Armour Shoppe.
 49330 | Elf:3    | Found Dyat's Jewellery Shop.
 49346 | Elf:3    | Identified the +3 robe "Onipryol" {Rampage rElec rCorr
                  | Dex-2}
 49346 | Elf:3    | Noticed Boris
 49368 | Elf:3    | Killed Boris
 49583 | Elf:3    | Paralysed by an air elemental for 1 turns
 49586 | Elf:3    | Paralysed by an air elemental for 1 turns
 49940 | Elf:3    | Found Kyidoump's Magic Scroll Shop.
 49954 | Elf:3    | Bought a scroll of enchant armour for 142 gold pieces
 50036 | Elf:3    | Learned a level 6 spell: Death Channel
 50328 | Elf:3    | Identified the +11 flail of Dominance {pain, rC+ Dex+3}
 50328 | Elf:3    | Identified the ring of Kitwirim {^Drain rPois rF+ rC+}
 50377 | Elf:3    | Found the +12 glaive of Prune {freeze, Prune}
 50407 | Elf:3    | Identified the ring of Reigogat {rF+ rN+ Will+ rCorr}
 50518 | Elf:3    | Identified the staff "Geok" {Fly rPois Conj Ice Alchemy}
 50519 | Elf:3    | Identified the +3 robe "Wuzexut" {rC- Str+3 Archmagi}
 50553 | Elf:3    | Identified the amulet "Wupt" {rC+ Regen+ Str+2 Dex+3}
 50594 | Elf:3    | Identified the +1 ring mail of Polytheism {rC+ Will++}
 51062 | Depths:1 | Entered Level 1 of the Depths
 51065 | Depths:1 | Bought a steaming plate armour for 840 gold pieces
 51065 | Depths:1 | Identified the +4 plate armour "Hoing" {rN+} (You bought it
                  | in a shop on level 1 of the Depths)
 51302 | Depths:1 | Found a transporter.
 51302 | Depths:1 | Found a transporter.
 51304 | Depths:1 | Found a transporter.
 51365 | Depths:1 | Reached skill level 15 in Necromancy
 51441 | Depths:1 | Found a one-way gate leading to the halls of Pandemonium.
 51689 | Depths:1 | Found a transporter.
 52025 | Depths:2 | Found a one-way gateway to a ziggurat.
 52131 | Depths:2 | Found a runed translucent door.
 52132 | Depths:2 | Noticed Gumuy's ghost (adept MiHu)
 52144 | Depths:2 | Identified the +4 robe of Xoggebb {rC- Str-3 Dex+5 Stlth+}
 52144 | Depths:2 | Noticed Boris
 52156 | Depths:2 | Killed Boris
 52157 | Depths:2 | Reached XP level 24. HP: 88/210 MP: 36/39
 52505 | Depths:2 | Learned a level 8 spell: Infestation
 52510 | Depths:2 | Learned a level 4 spell: Animate Armour
 52543 | Depths:2 | Reached skill level 1 in Summonings
 52662 | Depths:2 | Identified the ring of Gimutt {rCorr Str+4}
 52677 | Depths:2 | Identified the +0 robe "Katagh" {+Blink}
 52856 | Depths:2 | Identified the ring "Felarett" {Ice Fly Dex+3}
 52856 | Depths:2 | Noticed Josephina
 52975 | Depths:2 | Killed Josephina
 53147 | Depths:2 | Noticed Asterion
 53159 | Depths:2 | Killed Asterion
 53342 | Depths:2 | Killed Gumuy's ghost
 53347 | Depths:2 | Identified the ring of Uhiesmy {rN+ Str+3 Dex+2}
 53384 | Depths:2 | Learned a level 7 spell: Haunt
 53428 | Depths:3 | Noticed Margery
 53440 | Depths:3 | Killed Margery
 53935 | Depths:2 | Reached skill level 5 in Summonings
 54079 | Depths:3 | Noticed a dread lich
 54100 | Depths:3 | Killed a dread lich
 54106 | Depths:3 | Killed from afar by a quicksilver dragon

Illustrated notes

Levels and vault maps discovered:
D:1:      ebering_trefoil_twist, layout_loops_cross,
          shapermc_ecumenical_altar_ellora, minmay_tetromino_l4
D:2:      layout_rooms, serial_aquarium, aquarium_bridge_long_separate
          [aquarium_subvault_wall, aquarium_subvault_bridge,
          aquarium_subvault_bridge, aquarium_subvault_window,
          aquarium_subvault_wall, aquarium_subvault_bridge],
          aquarium_bridge_square [aquarium_subvault_bridge,
          aquarium_subvault_bridge, aquarium_subvault_wall,
          aquarium_subvault_wall], aquarium_window_1,
          aquarium_window_corridor_2, aquarium_window_corner, aquarium_window_2,
          aquarium_view_2e, aquarium_pool_1
D:3:      layout_basic, wander_ebering_terrifying_dragon_lair, uniq_natasha,
          uniq_robin, uniq_ijyb
D:4:      layout_basic, chequers_temple_overflow_statue_of_worship,
          minmay_temple_entry_tees, serial_shops, nicolae_shop_gaudy_bauble,
          shop, shop, shop
D:5:      corexii_shantytown, layout_basic, mainiacjoe_overflow_paths,
          gup_sewer_entry_pipe
D:6:      layout_gridville, uniq_blork_the_orc, uniq_crazy_yiuf_cottage
D:7:      layout_basic, fedhas_altar_1, enter_bailey_2, minmay_misc_feat_x
D:8:      layout_basic, grunt_decor_mini_mirrors, dreamdust_gnoll_shepherd
D:9:      layout_rooms, elyvilon_altar_3, dpeg_oklobed_lair, serial_shops,
          kennysheep_mini_moat
D:10:     nzn_motion_control, layout_basic, mainiacjoe_overflow_brackets,
          trog_book, uniq_harold
D:11:     argonaut_augean_stables, layout_layer_cave, serial_shops,
          nicolae_shop_tiny_real_fake_doors, nicolae_shop_national_dungeon_mall,
          kennysheep_big_empty_room, nrook_mini_backslash,
          minmay_hollow_rounded_squares
D:12:     regret_index_reflect_refract, layout_basic,
          kennysheep_orc_monster_closet_entryway,
          gammafunk_ghost_berserking_beasts
D:13:     layout_roguey, hellmonk_vaults_attempted_burglary,
          chequers_serial_rivers_micro_b, chequers_serial_rivers_small_b,
          uniq_nessos, uniq_azrael, uniq_sonja
D:14:     layout_basic, serial_shops, nicolae_shop_stone, drop_trap, uniq_louise
D:15:     grunt_enter_depths_hoard, layout_irregular_city,
          nicolae_dithmenos_the_darkroom
Temple:   nicolae_temple_bog_church
Lair:1:   layout_roguey, beast_lair_carwin_1
Lair:2:   layout_cave_pods, minmay_swamp_entry_reptiles,
          hangedman_lair_generics_rect
Lair:3:   layout_concentric_octagons, nicolae_spider_entry_tight_spaces,
          enter_volcano_3
Lair:4:   layout_loops_ring, portal_ice_cave_rime, st_stairs_5,
          infiniplex_staircase_pool_2, grunt_megastairs_5
Lair:5:   evil_forest, layout_layer_cave, nicolae_slime_entry_slimehenge,
          st_stairs_4
Swamp:1:  layout_basic_swamp, ebering_ghost_inner_flame,
          evilmike_swamp_ruin_house_3
Swamp:2:  layout_basic_swamp, serial_swamp_ruin, evilmike_swamp_ruin_house_6,
          evilmike_swamp_ruin_wall, hangedman_swamp_ruin_wall,
          nicolae_swamp_oxbows, swamp_pool_4, hangedman_swamp_cone
Swamp:3:  layout_basic_swamp, evilmike_swamp_ruin_rubble_1, swamp_pool_1_2,
          infiniplex_staircase_pool, uniq_donald, uniq_nikola
Swamp:4:  byrel_swamp_growth_death_and_undeath, layout_basic_swamp,
          gammafunk_ghost_cemetery
Spider:1: layout_spider_delve, nicolae_spider_spiderdrome, uniq_roxanne
Spider:2: layout_spider_delve, uniq_arachne
Spider:3: layout_spider_delve
Spider:4: hellmonk_spider_rune_bug_friends, gammafunk_ghost_arena, uniq_agnes
Orc:1:    layout_caves, serial_shops, shop, guppyfry_orc_lava_fort,
          uniq_jorgrun, uniq_erica, uniq_erolcha, uniq_urug
Orc:2:    st_orc_town, layout_caves, nicolae_orc_rockfall, uniq_saint_roka
Elf:1:    eino_elf_arrival_altar, layout_loops_corners, serial_shops,
          nicolae_shop_gibbet_a_chance, dk_noncrumbling_4
Elf:2:    elven_hall_of_blades_hangedman_original
          [infiniplex_blade_entry_pillars], layout_geoelf_grid
Elf:3:    minmay_elf_hall_statues, layout_onion_city, serial_shops, shop, shop,
          shop, nicolae_shop_peninsula, shop, uniq_boris
Vaults:1: nicolae_vaults_windows_and_doors_thing,
          nicolae_vaults_shipping_containers_5, nicolae_vaults_what_the_h,
          hangedman_vaults_trim, nicolae_vaults_diamond_1, v_pattern_1,
          nicolae_vaults_surprise_closet, nicolae_vaults_alarming,
          layout_vaults_big_room
Vaults:2: minmay_crypt_entry_simple_round, v_misc_30,
          nicolae_vaults_wine_cellar, nicolae_vaults_octothorpe,
          hangedman_vaults_pinch, vaults_room_corners, nicolae_vaults_big_ls,
          layout_vaults_omnigrid, serial_shops, shop, uniq_jory
Vaults:3: nicolae_vaults_storage_closets_3, nicolae_vaults_mini_display_case,
          nicolae_vaults_trapezoid_4, ontoclasm_vaults_fault,
          nicolae_vaults_swerve, v_misc_27,
          nicolae_vaults_antechamber_and_loot_room,
          nicolae_vaults_double_plus_3, v_rooms_3, vaults_standard_mumra_x,
          nicolae_vaults_oval_intersection, nicolae_vaults_steering_wheel,
          vaults_room_grid, layout_vaults_big_cross
Vaults:4: v_misc_5, nicolae_vaults_lightning_bolt, hangedman_vaults_stitches,
          nicolae_vaults_c_with_doors, v_misc_33, v_misc_26,
          hangedman_vaults_impose, nicolae_vaults_three_branches,
          nicolae_vaults_storage_closets_1, vaults_dpeg_diagonal,
          nicolae_vaults_variable_pillar_hall, nicolae_vaults_tetromino_T_1,
          layout_vaults_maze_snakey, serial_shops, nicolae_shop_waterfront,
          uniq_mennas, uniq_frederick
Depths:1: layout_gridville, hellmouth_3, rand_demon_pan_entry_4,
          serial_bayou_pond_e, nicolae_diode_quadrants
Depths:2: minmay_nested_s, layout_cave_shapes, enter_ziggurat_a,
          gammafunk_ghost_grave, chequers_serial_rivers_room_b, pan_entry,
          pf_hell_entry_tar_river, uniq_asterion, uniq_josephina
Depths:3: minmay_central_circle, layout_cave_pools, abyss_entry, hell_entry,
          nicolae_qazlal_style_of_elements, serial_shops, shop, uniq_margery

Skill      XL: |  1  2  3  4  5  6  7  8  9 10 11 12 13 14 15 16 17 18 19 20 21 22 23 24 |
---------------+-------------------------------------------------------------------------+-----
Axes           | 4 5 7 10 13 15 17 18 | 18.0
Fire Magic     | 4 5 6 8 10 11 | 11.1
Fighting       | 4 5 6 8 9 10 13 14 15 16 17 | 17.8
Shields        | 2 4 6 7 12 13 16 17 18 | 18.0
Armour         | 1 2 3 5 6 11 12 14 15 19 21 22 | 22.0
Throwing       | 1 2 5 |  5.0
Spellcasting   | 2 4 6 9 10 11 12 13 | 13.5
Evocations     | 1 4 6 7 9 11 13 14 16 | 16.2
Stealth        | 2 |  2.0
Necromancy     | 5 6 8 16 | 16.0
Translocations | 2 3 |  3.6
Conjurations   | 5 6 8 9 10 | 10.0
Ice Magic      | 5 6 7 8 |  8.0
Air Magic      | 3 4 5 |  5.0
Dodging        | 5 6 8 |  8.0
Summonings     | 5 |  5.6

Action                     |  1- 3 |  4- 6 |  7- 9 | 10-12 | 13-15 | 16-18 | 19-21 | 22-24 || total
---------------------------+-------+-------+-------+-------+-------+-------+-------+-------++-------
  Melee: Hand axe          |    96 |   213 |   276 |   721 |   259 |       |       |       ||  1565
         Rapier            |       |       |     1 |       |       |       |       |       ||     1
         Broad axe         |       |       |       |    14 |   580 |  1497 |  1758 |  1274 ||  5123
  Throw: Boomerang         |       |     3 |       |     7 |    25 |       |    13 |       ||    48
         Dart              |       |       |     1 |     1 |     7 |     1 |     4 |       ||    14
   Cast: Scorch            |       |    31 |    49 |    17 |       |       |       |       ||    97
         Fugue of the Fall |       |       |       |    13 |     9 |    25 |    50 |    42 ||   139
         Swiftness         |       |       |       |       |       |     1 |     1 |     2 ||     4
         Manifold Assault  |       |       |       |       |       |       |     3 |    11 ||    14
         Freezing Cloud    |       |       |       |       |       |       |     2 |     1 ||     3
         Death Channel     |       |       |       |       |       |       |       |    18 ||    18
         Animate Armour    |       |       |       |       |       |       |       |     4 ||     4
 Invoke: Fiery Armour      |       |     1 |     1 |     3 |     3 |       |       |       ||     8
         Call Merchant     |       |       |       |       |       |     2 |     1 |     4 ||     7
         Potion Petition   |       |       |       |       |       |       |       |     2 ||     2
  Evoke: Wand              |       |       |    10 |    17 |    10 |     7 |    24 |     9 ||    77
         Phial of floods   |       |       |       |       |     1 |     1 |     2 |     2 ||     6
         Lightning rod     |       |       |       |       |       |       |       |     2 ||     2
    Use: Scroll            |       |     7 |     7 |    11 |    15 |     6 |     4 |     7 ||    57
         Potion            |       |       |     3 |     6 |     4 |     5 |     7 |     3 ||    28
   Stab: Distracted        |       |       |     1 |       |       |     9 |    14 |    13 ||    37
         Sleeping          |       |       |       |     7 |     4 |    25 |       |       ||    36
         Invisible         |       |       |       |     2 |       |     6 |     3 |       ||    11
         Paralysed         |       |       |       |       |     7 |       |     2 |       ||     9
 Armour: Ring mail         |    49 |   152 |    79 |       |       |       |       |       ||   280
         Robe              |     1 |       |       |       |       |       |       |       ||     1
         Chain mail        |       |       |    32 |       |       |       |       |       ||    32
         Ice dragon scales |       |       |    56 |       |       |       |       |       ||    56
         Shadow dragon sca |       |       |    41 |   651 |   767 |   414 |       |       ||  1873
         Plate armour      |       |       |       |       |       |   483 |  1348 |   687 ||  2518
  Dodge: Dodged            |    48 |    75 |    70 |   163 |   216 |   265 |   445 |   289 ||  1571
         Repelled          |       |       |       |       |       |       |    16 |    31 ||    47
  Block: Kite shield       |     6 |    79 |   131 |   378 |   509 |       |       |       ||  1103
         Tower shield      |       |       |       |       |       |  2171 |  2171 |  1459 ||  5801

Table legend: (Time is in decaauts)
 A = Elapsed time spent in this place.
 B = Non-inter-level travel time spent in this place.
 C = Inter-level travel time spent in this place.
 D = Time resting spent in this place.
 E = Time spent auto-exploring this place.
 F = Levels seen in this place.
 G = Mean time per level.
                   A        B        C        D        E       F      G
               +--------+--------+--------+--------+--------+-----+--------+
         Total |  54246 |  50867 |   3379 |   3910 |  33156 |  46 | 1179.3 |
       Dungeon |  20436 |  18618 |   1818 |   1892 |  12907 |  15 | 1362.4 |
        Temple |     27 |      5 |     22 |      0 |      0 |   1 |   27.0 |
          Lair |   6740 |   6108 |    632 |     90 |   4413 |   5 | 1348.0 |
         Swamp |   4110 |   3926 |    184 |    324 |   2311 |   4 | 1027.5 |
   Spider Nest |   4412 |   4263 |    149 |    352 |   2596 |   4 | 1103.0 |
  Orcish Mines |   2526 |   2392 |    134 |    208 |   1430 |   2 | 1263.0 |
   Elven Halls |   4009 |   3879 |    130 |     77 |   2550 |   3 | 1336.3 |
        Vaults |   6052 |   5800 |    252 |      0 |   4287 |   4 | 1513.0 |
        Depths |   2937 |   2883 |     54 |    394 |   1374 |   3 |  979.0 |
         Abyss |     29 |     29 |      0 |      0 |      0 |   1 |   29.0 |
         Sewer |    302 |    302 |      0 |      0 |    216 |   1 |  302.0 |
        Bailey |    730 |    730 |      0 |    361 |      0 |   1 |  730.0 |
      Ice Cave |   1195 |   1195 |      0 |    165 |    749 |   1 | 1195.0 |
       Volcano |    735 |    735 |      0 |     47 |    320 |   1 |  735.0 |
               +--------+--------+--------+--------+--------+-----+--------+

Top non-repeatable levels by time:
    D:11: 3734 daAuts
    D:12: 2064 daAuts
Depths:2: 1821 daAuts
Spider:4: 1761 daAuts
   Orc:2: 1730 daAuts
  Lair:2: 1724 daAuts
Vaults:3: 1720 daAuts
   Elf:3: 1645 daAuts
Vaults:2: 1623 daAuts
     D:6: 1548 daAuts
  Lair:1: 1547 daAuts
     D:5: 1517 daAuts
     D:3: 1482 daAuts
  Lair:3: 1375 daAuts
Vaults:4: 1374 daAuts
